 Dungeon Crawl Stone Soup version 0.24.0-123-gd5b16e6ec5 (webtiles) character file.

Game seed: 10313846098236032372, levelgen mode: deterministic

26465 FishyPogo the Fighter (level 12, -8/87 HPs)
             Began as a Demonspawn Wizard on Jan 2, 2020.
             Was the Champion of Hepliaklqana.
             Killed from afar by a raiju (13 damage)
             ... with a living lightning
             ... on level 2 of the Abyss.
             The game lasted 01:45:06 (13215 turns).

FishyPogo the Fighter (Demonspawn Wizard)          Turns: 13215, Time: 01:45:21

Health: -8/87      AC: 12    Str: 11 (12) XL:     12   Next: 98%
Magic:  0/23       EV: 13    Int: 21      God:    Hepliaklqana [******]
Gold:   836        SH:  0    Dex: 11      Spells: 8/30 levels left

rFire    + . .     SeeInvis .   a - +5 great sword (freeze)
rCold    x . .     Gourm    .   (shield currently unavailable)
rNeg     . . .     Faith    .   o - +0 leather armour
rPois    +         Spirit   +   R - +1 hat
rElec    .         Reflect  .   V - scarf {repulsion}
rCorr    .         Harm     .   y - +1 pair of gloves
MR       .....     Rnd*Tele +   (no boots)
Stlth    ++........             (no amulet)
HPRegen  0.24/turn              l - ring of poison resistance
MPRegen  0.18/turn              P - ring of fire

@: about to teleport, shrouded, repel missiles
A: reduced essence, talons 2, iridescent scales 2, [deterioration 2], low mp 1,
powered by pain 1, shaggy fur 1, [teleportitis 1], wild magic 2, evolution 1,
magic shield
a: Recall Ancestor, Ancestor Identity, Transference, Idealise, Renounce Religion


You were on level 2 of the Abyss.
You worshipped Hepliaklqana.
Hepliaklqana was exalted by your worship.
You were hungry.

You visited 2 branches of the dungeon, and saw 16 of its levels.
You visited the Abyss 1 time.
You also visited: Ossuary and Volcano.

You collected 836 gold pieces.

Inventory:

Hand Weapons
 a - a +5 great sword of freezing (weapon)
 b - a +0 scimitar of flaming
Missiles
 h - 7 javelins
 m - 461 stones
 r - 2 atropa-tipped darts (quivered)
 t - 6 silver boomerangs
 u - 18 boomerangs
 v - 30 poisoned darts
Armour
 o - a +0 leather armour (worn)
 y - a +1 pair of gloves (worn)
 R - a +1 hat (worn)
 V - a scarf of repulsion (worn)
Magical Staves
 w - an uncursed staff of fire
Jewellery
 e - an uncursed ring of flight
 l - a ring of poison resistance (left hand)
 N - an uncursed ring of resist corrosion
 P - a ring of fire (right hand)
 T - an uncursed ring of protection from magic
Wands
 A - a wand of enslavement (6)
 L - a wand of paralysis (6)
 M - a wand of flame (40)
 S - a wand of digging (14)
 U - a wand of polymorph (4)
 X - a wand of iceblast (6)
Scrolls
 c - 9 scrolls of remove curse
 j - a scroll of enchant weapon
 C - 3 scrolls of enchant armour
 F - a scroll of fog {unknown}
 G - a scroll of fear
 I - 2 scrolls of identify
 J - a scroll of vulnerability
 K - a scroll of torment {unknown}
Potions
 f - 2 potions of resistance
 g - 2 potions of mutation
 i - 5 potions of curing
 k - a potion of ambrosia {unknown}
 n - 2 potions of cancellation {unknown}
 q - a potion of invisibility
 x - 3 potions of brilliance
 z - 6 potions of might
 B - 4 potions of lignification
 D - 2 potions of flight
 E - a potion of berserk rage
 H - 7 potions of haste
 W - a potion of magic {unknown}
Comestibles
 d - 28 rations


   Skills:
 * Level 9.9 Fighting
 - Level 5.0 Long Blades
 * Level 7.5 Armour
 + Level 4.5 Dodging
 - Level 2.0 Stealth
 + Level 9.7 Spellcasting
 - Level 7.0 Conjurations
 - Level 3.0 Hexes
 - Level 4.0 Charms
 - Level 4.0 Summonings
 - Level 5.0 Necromancy
 - Level 3.0 Translocations
 - Level 4.0 Poison Magic
 - Level 7.0 Invocations


You had 8 spell levels left.
You knew the following spells:

 Your Spells              Type           Power        Failure   Level  Hunger
a - Magic Dart            Conj           ####         2%          1    None
c - Mephitic Cloud        Conj/Pois/Air  #####...     13%         3    None
h - Regeneration          Chrm/Necr      #####.....   11%         3    None
j - Conjure Flame         Conj/Fire      ######..     14%         3    None
k - Blink                 Tloc           N/A          10%         2    None
l - Call Imp              Summ           #####...     8%          2    None
n - Spectral Weapon       Hex/Chrm       #####...     14%         3    None
p - Shroud of Golubria    Chrm/Tloc      #####.       9%          2    None
u - Song of Slaying       Chrm           #####...     8%          2    None
y - Beastly Appendage     Tmut           ###...       19%         1    None

Your spell library contained the following spells:

 Spells                   Type           Power        Failure   Level  Hunger
 Infusion                 Chrm           ####         5%          1    None
 Slow                     Hex            #####...     10%         2    None
 Spider Form              Tmut/Pois      ####......   22%         3    None
 Sticks to Snakes         Tmut           ###.....     26%         2    None
 Ice Form                 Ice/Tmut       ###.....     78%         4    ##.....
 Blade Hands              Tmut           ###.......   98%         5    ####...


Dungeon Overview and Level Annotations

Branches:
Dungeon (14/15)            Temple (0/1) D:5            Lair (2/6) D:10
  Swamp (0/4) Lair:2        Snake (0/4) Lair:2          Orc (0/2) D:10
 Vaults (0/5) D:13        Ossuary (visited)         Volcano (visited)

Altars:
Ashenzari
Elyvilon
Fedhas
Hepliaklqana
Nemelex Xobeh
Ru
Trog
Vehumet
Xom
Yredelemnul
The Shining One

Shops:
D:6 [


Innate Abilities, Weirdness & Mutations

You have razor-sharp toenails.
You are mostly covered in iridescent scales. (AC +4)
You sometimes gain a little power by taking damage.
When hurt, damage is shared between your health and your magic reserves.
Your life essence is reduced to manifest your ancestor. (-10% HP)
Your magical capacity is low. (-10% MP)
You are covered in fur. (AC +1)
Your spells are harder to cast, but more powerful.
You evolve.
[Your body often deteriorates upon taking damage.]
[You are occasionally teleported next to monsters.]


Message History

Unknown command.
Your skin stops crawling.
Unknown command.
The ufetubus closely misses you.
You riposte.
You hit the ufetubus. Your kick misses the ufetubus.
The ufetubus is severely wounded.
The ufetubus misses you.
The ufetubus hits you but does no damage. x2
An iron imp comes into view.
The ufetubus closely misses you.
You riposte.
You hit the ufetubus. You freeze the ufetubus.
You kill the ufetubus!
The raiju bursts into living lightning!
The living lightning hits the raiju.
The raiju completely resists.
The living lightning hits you!
* * * LOW HITPOINT WARNING * * *
The raiju blinks!
The raiju bursts into living lightning!
The living lightning misses the raiju.
The living lightning hits you!
You die...

........#.
..#. ## ##.
###..# .... #
##...## ..#.
#.#.h## ...#
#.#§.# #.. ##
##..##.# ##.#
#.h..##...#R#
##.##...###.#
#..@..##.## .
#.5.#.#..# #
#.#.#.h. .# #
. #.
#.####.## . #
.# #.# . ## .
.# #


You could see 3 raiju and an iron imp.

Vanquished Creatures
  A hydra (D:12)
  A rakshasa (Abyss:2)
  2 two-headed ogres
  A wretched star (Abyss:2)
  An oklob plant (Lair:1)
  A deep elf mage (D:14)
  2 manticores
  2 toenail golems (Volcano)
  A spiny frog (Lair:2)
  2 gargoyles
  An orange demon (Abyss:2)
  3 komodo dragons (Lair:1)
  A tyrant leech (Lair:2)
  2 trolls
  2 blink frogs (Lair:1)
  A hornet (D:13)
  3 slime creatures (D:12)
  4 hippogriffs
  A wyvern (D:13)
  A ynoxinul (Abyss:2)
  A wraith (D:13)
  9 yaks
  3 fire bats (Lair:2)
  A hungry ghost (D:12)
  A steam dragon (D:12)
  2 swamp worms (Lair:2)
  An acid dragon (D:13)
  2 porcupines
  A water moccasin (Lair:1)
  A swamp drake (D:10)
  3 orc warriors
  4 ice beasts
  A phantom (D:8)
  3 eyes of draining
  4 ogres
  4 centaurs
  6 crocodiles
  A big kobold (D:13)
  A small abomination (Abyss:2)
  3 bullfrogs
  A wyvern skeleton (D:9)
  2 scorpions
  A water moccasin zombie (Ossuary)
  6 killer bees
  A howler monkey (D:7)
  2 wights (D:9)
  A vampire bat (D:11)
  4 crimson imps
  4 centaur zombies
  A quasit (D:10)
  4 hounds
  2 jellies
  A centaur skeleton (D:12)
  4 orc priests
  A bullfrog skeleton (D:13)
  5 orc wizards
  9 iguanas
  5 worker ants
  5 big kobold zombies (Ossuary)
  A hexer (D:8)
  A hound zombie (D:7)
  A mummy (Ossuary)
  7 adders
  A shadow imp (D:5)
  An ufetubus (Abyss:2)
  An ooze (D:3)
  3 adder zombies (Ossuary)
  2 worms
  2 dart slugs
  6 leopard geckos
  27 orcs
  2 giant cockroaches
  A gnoll zombie (Ossuary)
  5 hobgoblins
  2 jackals (D:10)
  A quokka (D:12)
  12 bats
  4 frilled lizards
  9 goblins
  A hobgoblin zombie (Ossuary)
  3 kobolds
  2 kobold zombies (Ossuary)
  2 orc zombies (Ossuary)
  A quokka zombie (D:7)
  4 rats
246 creatures vanquished.

Vanquished Creatures (collateral kills)
  A catoblepas (D:14)
  Erica (D:9)
  A two-headed ogre (D:10)
  2 unseen horrors (D:12)
  An oklob plant (Lair:1)
  A centaur zombie (D:13)
  A rime drake (Lair:1)
  3 komodo dragons
  A blink frog (Lair:1)
  2 raiju (Abyss:2)
  2 slime creatures (D:12)
  3 yaks
  A human (D:9)
  A basilisk (D:14)
  A hungry ghost (D:13)
  A swamp worm (Lair:2)
  An acid dragon (D:11)
  An orc warrior (D:10)
  An ice beast (D:8)
  2 sky beasts
  3 phantoms
  An eye of draining (D:8)
  3 black bears
  5 ogres
  3 centaurs
  Blork the orc (D:6)
  7 bullfrogs
  5 killer bees
  6 wights
  An electric eel (D:6)
  A crimson imp (D:9)
  A bullfrog zombie (D:8)
  A hound (D:7)
  A jelly (D:3)
  5 orc wizards
  4 orc priests
  6 iguanas
  9 worker ants
  A big kobold zombie (Ossuary)
  A hound zombie (D:6)
  A mummy (Ossuary)
  A worker ant zombie (D:8)
  3 gnolls (D:5)
  6 adders
  2 oozes
  An adder zombie (D:6)
  3 worms
  2 dart slugs
  2 leopard geckos
  20 orcs
  5 bats
  A giant cockroach (D:6)
  5 goblins
  A hobgoblin (D:2)
  4 jackals
  2 kobolds (D:2)
  3 quokkas
  A frilled lizard (D:4)
  4 hobgoblin zombies (Ossuary)
  2 kobold zombies (Ossuary)
  2 orc zombies (Ossuary)
  A rat (D:3)
  A butterfly (Lair:1)
  A plant (Lair:1)
167 creatures vanquished.

Vanquished Creatures (others)
  A golden eye (shapeshifter) (D:13)
  11 hexers
  2 ancestors
  4 spectral weapons
18 creatures vanquished.

Grand Total: 431 creatures vanquished

Notes
Turn   | Place    | Note
-------+----------+-------------------------------------------
     0 | D:1      | FishyPogo the Demonspawn Wizard began the quest for the
                  | Orb.
     0 | D:1      | Reached XP level 1. HP: 13/13 MP: 4/4
   232 | D:1      | Gained mutation: You sometimes gain a little power by
                  | taking damage. [demonic ancestry]
   232 | D:1      | Reached XP level 2. HP: 19/19 MP: 0/6
   468 | D:1      | Learned a level 2 spell: Call Imp
   879 | D:1      | Gained mutation: You have sharp toenails. [demonic
                  | ancestry]
   879 | D:1      | Reached XP level 3. HP: 19/24 MP: 7/7
  1410 | D:2      | Found a faded altar of an unknown god.
  1460 | D:2      | Became a worshipper of Hepliaklqana the Forgotten
  1460 | D:2      | Reached * piety under Hepliaklqana
  1541 | D:2      | You fall into a shaft and drop 1 floor!
  1541 | D:3      | Found a sparkling altar of Nemelex Xobeh.
  1691 | D:2      | Gained mutation: You have razor-sharp toenails. [demonic
                  | ancestry]
  1691 | D:2      | Reached XP level 4. HP: 13/27 MP: 6/9
  1719 | D:2      | Learned a level 3 spell: Conjure Flame
  1723 | D:2      | Learned a level 3 spell: Mephitic Cloud
  2088 | D:3      | Found a radiant altar of Vehumet.
  2189 | D:3      | Gained mutation: When hurt, damage is shared between your
                  | health and your magic reserves. [demonic ancestry]
  2189 | D:3      | Reached XP level 5. HP: 31/32 MP: 4/11
  2196 | D:3      | Reached skill level 1 in Poison Magic
  2245 | D:3      | Reached ** piety under Hepliaklqana
  2246 | D:3      | Remembered your ancestor Ealdgyð as a hexer
  2274 | D:3      | Reached skill level 1 in Fighting
  2274 | D:3      | Reached skill level 1 in Armour
  2511 | D:3      | Found a sacrificial altar of Ru.
  2631 | D:4      | Reached XP level 6. HP: 17/39 MP: 4/12
  2736 | D:4      | Learned a level 2 spell: Blink
  2911 | D:4      | Reached skill level 1 in Translocations
  2968 | D:4      | Reached *** piety under Hepliaklqana
  2981 | D:4      | Found a sand-covered staircase.
  2986 | Ossuary  | Entered an ossuary
  3229 | Ossuary  | Gained mutation: You are partially covered in iridescent
                  | scales. (AC +2) [demonic ancestry]
  3229 | Ossuary  | Reached XP level 7. HP: 10/48 MP: 5/13
  3767 | D:4      | Found a glowing golden altar of the Shining One.
  3789 | D:5      | Entered Level 5 of the Dungeon
  4122 | D:5      | HP: 2/49 [shadow imp/nerve-wracking pain (12)]
  4123 | D:5      | Reached skill level 5 in Fighting
  4126 | D:5      | Gained mutation: You evolve. [potion of mutation]
  4126 | D:5      | Gained mutation: Your spells are a little harder to cast,
                  | but a little more powerful. [potion of mutation]
  4126 | D:5      | Gained mutation: You expend magic power (3 MP) to
                  | strengthen your wands. [potion of mutation]
  4126 | D:5      | Gained mutation: You are covered in fur. (AC +1) [potion of
                  | mutation]
  4133 | D:5      | Found a staircase to the Ecumenical Temple.
  4248 | D:5      | Reached skill level 5 in Spellcasting
  4248 | D:5      | Reached XP level 8. HP: 34/55 MP: 2/15
  4672 | D:6      | Noticed Blork the orc
  4694 | D:6      | Killed Blork the orc
  4719 | D:6      | Found Uttac's Armour Shop.
  4800 | D:6      | Learned a level 3 spell: Regeneration
  4864 | D:6      | Reached skill level 1 in Necromancy
  4940 | D:6      | Found a white marble altar of Elyvilon.
  5376 | D:6      | Found a shimmering altar of Xom.
  5392 | D:6      | Reached skill level 5 in Conjurations
  5604 | D:6      | Found a basalt altar of Yredelemnul.
  5753 | D:6      | Reached skill level 1 in Charms
  5963 | D:6      | Reached XP level 9. HP: 61/61 MP: 14/18
  6148 | D:7      | Found a blossoming altar of Fedhas.
  6327 | D:7      | Reached **** piety under Hepliaklqana
  6564 | D:7      | Learned a level 1 spell: Beastly Appendage
  6973 | D:7      | Gained mutation: Your spells are harder to cast, but more
                  | powerful. [evolution]
  7403 | D:8      | Found a glowing golden altar of the Shining One.
  7465 | D:8      | Found a bloodstained altar of Trog.
  7470 | D:8      | Reached skill level 1 in Invocations
  7505 | D:8      | Found a shattered altar of Ashenzari.
  7935 | D:9      | Reached XP level 10. HP: 66/66 MP: 17/21
  8114 | D:9      | Noticed Erica
  8132 | D:9      | Killed Erica
  8404 | D:9      | Learned a level 2 spell: Shroud of Golubria
  8496 | D:9      | Reached skill level 5 in Armour
  8806 | D:10     | Entered Level 10 of the Dungeon
  8806 | D:10     | Reached ***** piety under Hepliaklqana
  8920 | D:10     | Found a staircase to the Lair.
  9092 | D:10     | Learned a level 2 spell: Song of Slaying
  9176 | D:10     | Noticed a two-headed ogre
  9186 | D:10     | Killed a two-headed ogre
  9194 | D:10     | Learned a level 3 spell: Spectral Weapon
  9247 | D:10     | Gained mutation: Your magical capacity is low. (-10% MP)
                  | [evolution]
  9347 | D:10     | Reached skill level 5 in Invocations
  9367 | D:10     | Found a staircase to the Orcish Mines.
  9720 | D:11     | You fall into a shaft and drop 3 floors!
  9720 | D:14     | Noticed a catoblepas
  9721 | D:14     | Noticed a two-headed ogre
  9721 | D:14     | Noticed a deep elf mage
  9725 | D:14     | Killed a two-headed ogre
  9730 | D:14     | Killed a catoblepas
  9730 | D:14     | Reached skill level 1 in Long Blades
  9730 | D:14     | Gained mutation: You are mostly covered in iridescent
                  | scales. (AC +4) [demonic ancestry]
  9730 | D:14     | Reached XP level 11. HP: 33/72 MP: 16/21
  9731 | D:14     | Killed a deep elf mage
  9794 | D:12     | Noticed a seven-headed hydra
  9867 | D:13     | Reached skill level 5 in Necromancy
  9958 | D:13     | Reached skill level 1 in Hexes
 10099 | D:13     | Found a gate to the Vaults.
 10099 | D:13     | Noticed a vault guard
 10099 | D:13     | Noticed a vault guard
 10099 | D:13     | Noticed a vault guard
 10099 | D:13     | Noticed a centaur warrior
 10099 | D:13     | Noticed a vault guard
 10159 | D:13     | HP: 3/74 [acid dragon (7)]
 10286 | D:12     | Killed a four-headed hydra
 10328 | D:12     | Noticed a cyan ugly thing
 10477 | D:12     | Killed an unseen horror
 10703 | D:12     | Killed an unseen horror
 10703 | D:12     | Reached skill level 5 in Long Blades
 10703 | D:12     | Reached XP level 12. HP: 24/82 MP: 4/22
 11196 | D:11     | Noticed a two-headed ogre
 11204 | D:11     | Killed a two-headed ogre
 11802 | Lair:1   | Entered Level 1 of the Lair of Beasts
 12381 | Lair:1   | Reached ****** piety under Hepliaklqana
 12647 | Lair:2   | Found a staircase to the Swamp.
 12739 | Lair:2   | Found a dark tunnel.
 12751 | Volcano  | Entered a volcano
 12754 | Volcano  | Lost mutation: You expend magic power (3 MP) to strengthen
                  | your wands. [evolution]
 12780 | Volcano  | Cast into level 2 of the Abyss (a wizard)
 12782 | Abyss:2  | Noticed a starcursed mass
 12807 | Abyss:2  | Noticed a rakshasa
 12823 | Abyss:2  | Killed a rakshasa
 12909 | Abyss:2  | Noticed a blizzard demon
 12915 | Abyss:2  | Noticed a tentacled starspawn
 13032 | Abyss:2  | Noticed a balrug
 13200 | Abyss:2  | Noticed a starcursed mass
 13215 | Abyss:2  | Killed from afar by a raiju

Levels and vault maps discovered:
D:1:      dpeg_arrival_renting, layout_loops_cross, lemuel_flame_loot_1
D:2:      layout_rooms, chequers_ecumenical_altar_island,
          kennysheep_generic_room_11
D:3:      layout_rooms, overflow_temple_1_default, lemuel_round_altar,
          hangedman_ru_absence, first_ration, minmay_misc_feat_alley
D:4:      layout_gridville, kennysheep_mini_moat, enter_ossuary_5,
          chequers_serial_rivers_small_3
D:5:      layout_loops_ring, temple_doors_cd, hangedman_decor_points,
          mrwooster_statue_mirror
D:6:      layout_basic, kennysheep_ying_yang, lemuel_doored_altar, serial_bayou,
          serial_bayou_pond_b, serial_bayou_ford_a, serial_bayou_pond_c,
          serial_bayou_pond_b, serial_shops, shop, minivault_11,
          uniq_blork_the_orc
D:7:      layout_rooms, basic_altar
D:8:      layout_rooms, grunt_temple_overflow_open, basic_altar,
          skrybe_limestone_x
D:9:      layout_long_grid, grunt_pizzeria, uniq_erica
D:10:     layout_irregular_city, lair_entry_dummy, erik_orc_1
D:11:     layout_rooms, roderic_batcave
D:12:     layout_long_grid, minivault_16
D:13:     minmay_general_purpose_star, layout_gridville,
          lightli_vaults_fourway_checkpoint, st_stairs_6, minmay_puff
D:14:     layout_loops_ring, grunt_decor_one_mirror, minmay_misc_feat_five,
          minmay_misc_feat_tiny, xom_redecorated
Lair:1:   beast_lair_carwin_large_4, layout_regular_city,
          minmay_lair_oklob_chamber, lemuel_fruit_fields
Lair:2:   layout_gridlike, minmay_swamp_entry_worms,
          guppyfry_snake_entry_island, nicolae_volcano_entry_batcave
Abyss:2:  base: D:12, guppyfry_abyss_exit_spiral_guarded,
          kilobyte_mutagenic_chamber, evilmike_abyss_exit_4,
          evilmike_abyss_exit_4, hangedman_abyss_exit_choices
Volcano:  volcano_bunker

Skill      XL: |  1  2  3  4  5  6  7  8  9 10 11 12 |
---------------+-------------------------------------+-----
Stealth        | 2 |  2.0
Dodging        | 2 4 |  4.5
Conjurations   | 2 3 4 5 6 7 |  7.0
Spellcasting   | 4 5 6 7 8 9 |  9.7
Poison Magic   | 1 2 4 |  4.0
Fighting       | 1 4 5 8 9 |  9.9
Armour         | 1 2 3 4 5 7 |  7.5
Translocations | 1 2 3 |  3.0
Necromancy     | 2 4 5 |  5.0
Charms         | 1 3 4 |  4.0
Summonings     | 3 4 |  4.0
Invocations    | 2 5 7 |  7.0
Long Blades    | 1 5 |  5.0
Hexes          | 3 |  3.0

Action                   |  1- 3 |  4- 6 |  7- 9 | 10-12 || total
-------------------------+-------+-------+-------+-------++-------
Melee: Unarmed           |    18 |       |       |       ||    18
       Dagger            |    38 |       |     3 |       ||    41
       Short sword       |     2 |   169 |    29 |       ||   200
       Kick              |     2 |    46 |    16 |    90 ||   154
       Mace              |       |       |    10 |       ||    10
       Great sword       |       |       |    50 |   343 ||   393
       Scimitar          |       |       |       |     7 ||     7
       Headbutt          |       |       |       |     1 ||     1
Throw: Stone             |     4 |     1 |       |       ||     5
       Boomerang         |       |       |       |     3 ||     3
       Dart              |       |       |       |    12 ||    12
 Cast: Magic Dart        |    71 |    35 |    84 |   110 ||   300
       Call Imp          |     6 |    20 |   103 |    64 ||   193
       Blink             |       |     1 |       |       ||     1
       Mephitic Cloud    |       |       |     8 |    10 ||    18
       Spectral Weapon   |       |       |       |    33 ||    33
       Shroud of Golubri |       |       |       |    16 ||    16
       Song of Slaying   |       |       |       |     3 ||     3
       Regeneration      |       |       |       |    12 ||    12
       Beastly Appendage |       |       |       |     2 ||     2
Invok: Recall Ancestor   |     1 |     1 |     4 |     3 ||     9
       Ancestor Life: He |       |     1 |       |       ||     1
  Use: Scroll            |     3 |     6 |     6 |    15 ||    30
       Potion            |       |       |     6 |     5 ||    11
 Stab: Distracted        |       |     3 |     5 |     3 ||    11
       Confused          |       |     5 |     1 |    11 ||    17
       Sleeping          |       |     3 |     2 |     1 ||     6
  Eat: Chunk             |     3 |     4 |    15 |    20 ||    42
Armor: Robe              |    17 |       |       |       ||    17
       Leather armour    |       |    45 |    53 |   154 ||   252
Dodge: Dodged            |    44 |    87 |    76 |   254 ||   461
       Deflected         |       |       |       |    12 ||    12
       Rpst.: Great sword |       |       |    12 |    60 ||    72
       Scimitar          |       |       |       |     1 ||     1
